 Dungeon Crawl Stone Soup version 0.18-a0-1312-gf98331d (webtiles) character file.

203483 dalore the Warrior (level 17, -4/168 HPs)
             Began as a Minotaur Berserker on Feb 13, 2016.
             Was a High Priest of Trog.
             Slain by an emperor scorpion (27 damage)
             ... on level 4 of the Spider Nest on Feb 14, 2016.
             The game lasted 06:32:19 (35908 turns).

dalore the Warrior (Minotaur Berserker)            Turns: 35908, Time: 06:32:19

Health: -4/168     AC: 26    Str: 26    XL:     17   Next: 98%
Magic:  0/6        EV: 26    Int:  6    God:    Trog [*****.]
Gold:   1967       SH: 12    Dex: 29    Spells: 0 memorised, 16 levels left

rFire  + . .     SeeInvis .     I - +6 eveningstar (antimagic)
rCold  . . .     Gourm    .     N - +5 chain mail of the Flute {rF+}
rNeg   + . .     Faith    .     S - +2 buckler {rPois}
rPois  +         Spirit   .     R - +1 hat {MR+}
rElec  .         Dismiss  .     O - +1 cloak {MR+}
rCorr  .         Reflect  .     V - +0 pair of gloves {Str+3}
SustAt .         Harm     .     (no boots)
MR     +++++                    G - amulet of Asoqufuo {Inacc Str+3 Dex+4}
Stlth  ..........               z - ring of flight {+Fly, !d}
                                a - ring "Xyckuenn" {rN+ Str-2 Dex+8}

@: lethally poisoned (-4 -> -6), exhausted, regenerating, slowed, very slow,
almost entirely resistant to hostile enchantments, extremely unstealthy
A: retaliatory headbutt, horns 2, talons 1, slimy green scales 1, agile 1,
clever 1, deterioration 1, weak 1, evolution 2, subdued magic 1
a: Berserk, Trog's Hand, Brothers in Arms, Burn Spellbooks, Renounce Religion,
Evoke Flight
}: 1/15 runes: barnacled


You were on level 4 of the Spider Nest.
You worshipped Trog.
Trog was extremely pleased with you.
You were not hungry.

You visited 6 branches of the dungeon, and saw 30 of its levels.
You also visited: Labyrinth.

You collected 3063 gold pieces.
You spent 1096 gold pieces at shops.

Inventory:

Hand Weapons
 d - a +4 antimagic morningstar
   (Trog gifted it to you on level 4 of the Spider Nest)
 E - the +2 mace of Change {venom, rElec Dex+2}
   (You took it off a spriggan on level 6 of the Lair of Beasts)

   It poisons the flesh of those it strikes.
   It affects your dexterity (+2).
   It insulates you from electricity.
 I - a +6 antimagic eveningstar (weapon)
   (Trog gifted it to you on level 8 of the Lair of Beasts)
Missiles
 K - 27 javelins (quivered)
Armour
 N - the +5 chain mail of the Flute (worn) {rF+}
   (You found it on level 1 of the Lair of Beasts)

   It protects you from fire.
 O - a +1 cloak of magic resistance (worn)
   (You bought it in a shop on level 2 of the Orcish Mines)
 R - a +1 hat of magic resistance (worn)
   (You took it off Gastronok on level 1 of the Lair of Beasts)
 S - a +2 buckler of poison resistance (worn)
   (You found it on level 4 of the Shoals)
 V - a +0 pair of gloves of strength (worn)
   (You bought it in a shop on level 2 of the Orcish Mines)
Jewellery
 a - the ring "Xyckuenn" (left hand) {rN+ Str-2 Dex+8}
   (You found it on level 4 of the Lair of Beasts)

   [ring of positive energy]

   It affects your strength (-2).
   It affects your dexterity (+8).
   It protects you from negative energy.
 x - an uncursed ring of protection from cold {rC+, !d}
   (You took it off a centaur on level 5 of the Dungeon)
 z - a ring of flight (right hand) {+Fly, !d}
   (You found it on level 4 of the Dungeon)
 A - an uncursed ring of teleportation {+/*tele, !d}
   (You found it on level 3 of the Lair of Beasts)
 G - the amulet of Asoqufuo (around neck) {Inacc Str+3 Dex+4}
   (You found it in a labyrinth)

   [amulet of inaccuracy]

   It reduces the accuracy of all your attacks.
   It affects your strength (+3).
   It affects your dexterity (+4).
 H - an uncursed amulet of the gourmand {Gourm, !d}
   (You found it on level 6 of the Dungeon)
 M - an uncursed amulet of regeneration {+regen, !d}
   (You found it on level 8 of the Dungeon)
Scrolls
 b - a scroll of fog
 f - 4 scrolls of magic mapping {!r}
 g - 3 scrolls of identify
 h - 3 scrolls of teleportation
 p - 2 scrolls of remove curse
 q - a scroll of amnesia {unknown}
 r - 4 scrolls of immolation {!r}
 s - a scroll of blinking {!r}
 w - a scroll of acquirement {unknown}
 y - 6 scrolls of enchant weapon
 C - 2 scrolls of holy word {unknown}
 P - a scroll of torment {!r}
 T - a scroll of summoning {unknown}
 X - 2 scrolls of noise {!r}
Potions
 e - a potion of heal wounds
 m - 5 potions of curing
 o - 2 potions of might
 B - 2 potions of resistance
 F - 2 potions of flight
 L - 2 potions of haste
 Q - 2 potions of invisibility
Comestibles
 j - 4 beef jerkies
 Y - 10 fruits
 Z - a meat ration {@e2}


   Skills:
 + Level 19.0 Fighting
 - Level 16.1 Maces & Flails
 - Level 1.0 Throwing
 + Level 16.2 Armour
 + Level 16.6 Dodging
 + Level 3.6 Stealth
 + Level 14.9 Shields
 + Level 3.9 Evocations


You had 16 spell levels left.
You didn't know any spells.

Dungeon Overview and Level Annotations

Branches:
Dungeon (11/15)            Temple (1/1) D:6            Lair (8/8) D:8
 Shoals (4/4) Lair:6       Spider (4/4) Lair:6        Slime (0/6) Lair:8
    Orc (2/2) D:10            Elf (0/3) Orc:2

Altars:
Ashenzari
Cheibriados
Dithmenos
Elyvilon
Fedhas
Gozag
Kikubaaqudgha
Makhleb
Nemelex Xobeh
Okawaru
Pakellas
Qazlal
Ru
Sif Muna
Trog
Vehumet
Xom
Yredelemnul
The Shining One
Beogh

Shops:
D:7 %   Orc:2 [!}!

Portals:
Pandemonium: Orc:2


Innate Abilities, Weirdness & Mutations

You reflexively headbutt those who attack you in melee.
You have a pair of horns on your head.
You have sharp toenails.
You are partially covered in slimy green scales (AC +2).
You are agile. (Dex +2)
Your mind is acute. (Int +2)
Your body sometimes deteriorates upon taking damage.
You are weak. (Str -2)
You rapidly evolve.
Your spells are a little easier to cast, but a little less powerful.


Message History

The emperor scorpion completely misses you.
The emperor scorpion stings you. The emperor scorpion claws you!
You block the emperor scorpion's attack.
The moth of wrath goads the emperor scorpion on!
The emperor scorpion goes berserk!
You now have 85/252 hp.
You are too berserk!
You are too injured to fight recklessly!
You barely miss the emperor scorpion.
You claw the emperor scorpion, but do no damage.
You headbutt the emperor scorpion.
You feel sick.
You hear an angry buzzing noise.
The emperor scorpion stings you.
You block the emperor scorpion's attack. x2
The emperor scorpion completely misses you.
You furiously retaliate!
You headbutt the emperor scorpion. The emperor scorpion misses you.
The emperor scorpion closely misses you.
You hear a loud "Zot"!
You take 2 damage, and have 83/252 hp.
You miss the emperor scorpion. You claw the emperor scorpion.
You headbutt the emperor scorpion!
You feel sick.
You block the emperor scorpion's attack.
The emperor scorpion claws you.
The emperor scorpion completely misses you. x2
You block the emperor scorpion's attack. x2
You take 5 damage, and have 78/252 hp.
You sock the emperor scorpion! Your kick misses the emperor scorpion.
You headbutt the emperor scorpion!
You feel sick.
You hear an angry buzzing noise. x2
You feel you are being watched by something.
You feel your power leaking away. The emperor scorpion barely misses you.
You furiously retaliate!
You headbutt the emperor scorpion!
The emperor scorpion claws you but does no damage.
You block the emperor scorpion's attack.
You take 2 damage, and have 76/252 hp.
You now have 0/6 mp.
You thump the emperor scorpion!
You claw the emperor scorpion, but do no damage.
You headbutt the emperor scorpion!
You feel sick. The emperor scorpion misses you.
The emperor scorpion completely misses you.
The emperor scorpion claws you but does no damage.
You hear a loud "Zot"!
You bludgeon the emperor scorpion!! You claw the emperor scorpion!
You headbutt the emperor scorpion!
You feel sick.
You block the emperor scorpion's attack.
The emperor scorpion claws you but does no damage.
The emperor scorpion misses you.
The emperor scorpion closely misses you.
You furiously retaliate!
You headbutt the emperor scorpion, but do no damage.
The emperor scorpion misses you.
The emperor scorpion completely misses you.
You impale the emperor scorpion!!
You claw the emperor scorpion, but do no damage.
You feel sick.
You block the emperor scorpion's attack.
The emperor scorpion claws you!
* * * LOW HITPOINT WARNING * * *
You block the emperor scorpion's attack.
The emperor scorpion stings you!!
* * * LOW HITPOINT WARNING * * *
The emperor scorpion claws you!
* * * LOW HITPOINT WARNING * * *
The emperor scorpion claws you but does no damage.
You take 40 damage, and have 36/252 hp.
You are too berserk!
You feel the effects of Trog's Hand fading.
You feel sick.
You hear a loud "Zot"!
The emperor scorpion tears through a web.
You feel a strong urge to attack something.
You feel sick.
You hear a loud "Zot"!
The emperor scorpion tears through a web.
You take 1 damage, and have 35/252 hp.
You are no longer berserk.
You are exhausted.
You feel yourself slow down.
You feel sick.
You hear an angry buzzing noise.
The spark wasp bursts into living lightning!
The living lightning misses you.
The spark wasp blinks!
The hornet rages.
The hornet is caught in a web!
You hear a loud "Zot"!
You now have 24/168 hp.
Read which item? (? for menu, Esc to quit)
Really read
s - a scroll of blinking {!r}? [Y]es or [N]o only, please.
Really read
s - a scroll of blinking {!r}?
Read which item? (? for menu, Esc to quit)
Okay, then.
You feel very sick.
You hear an angry buzzing noise.
You feel you are being watched by something.
You feel your power leaking away. The spark wasp closely misses you.
The emperor scorpion stings you!!
You die...

.≈###.^# ##≈...##
...≈#### #≈....#
#....# ##≈≈.≈##
#.^^≈## ###≈.≈#
≈##..≈##+# ##.≈#
.##..≈##.. #≈..#
^≈...≈##.(. #≈^.###
....≈## !yy#####.≈≈#
≈...≈## #'.^y#@.≈#
#≈...≈# #'.yssy.≈#
##≈≈..##...##..≈..##
###.≈##.. ####≈.#
##^.≈##. ##..#
##≈.≈### ##≈^##
..^≈≈##### ###≈.≈#
...###^^.###≈≈..≈#
..≈##.≈≈.#.†...≈##


You could see 2 emperor scorpions, a spark wasp and a hornet (berserk).

Vanquished Creatures
  Arachne (Spider:3)
  Rupert (Lair:4)
  Gastronok (Lair:1)
  Roxanne (Spider:3)
  Ilsuiw (Shoals:4)
  Maud (Orc:2)
  2 ghost moths
  An emperor scorpion (Spider:2)
  A spark wasp (Spider:4)
  5 merfolk javelineers
  Erolcha (D:8)
  A minotaur (Lab)
  13 merfolk impalers
  Josephine (Lair:4)
  5 entropy weavers
  5 merfolk avatars
  A catoblepas (Lair:8)
  4 hydras
  7 death yaks
  A satyr (Shoals:4)
  8 merfolk aquamancers
  7 orc high priests (Orc:2)
  A sun demon (Orc:2)
  A fire crab (Lair:5)
  A torturous demonspawn (Orc:2)
  18 sea snakes
  Pikel (D:7)
  2 putrid demonspawn (Orc:2)
  3 orc knights (Orc:2)
  13 harpies
  16 orb spiders
  8 orc sorcerers
  12 griffons
  3 hornets
  32 wolf spiders
  5 manticores
  4 fauns (Shoals:2)
  3 cyclopes
  6 water nymphs
  6 sirens
  A moth of wrath (Spider:3)
  Joseph (D:8)
  6 black mambas
  A molten gargoyle (Lair:8)
  Psyche (D:8)
  18 spiny frogs
  A torpor snail (Spider:2)
  An ice statue (Lair:4)
  An orange demon (Orc:2)
  10 komodo dragons
  A fire drake (D:8)
  19 demonic crawlers
  An ice devil (Lair:4)
  2 trolls
  26 merfolk
  2 spriggan druids (Lair:8)
  7 polar bears
  33 jumping spiders
  Prince Ribbit (D:9)
  A wind drake (Shoals:2)
  16 blink frogs
  15 snapping turtles
  31 tarantellas
  72 redbacks
  12 water elementals
  A wyvern (D:9)
  4 wraiths (Lair:4)
  40 yaks
  2 sky beasts
  Eustachio (D:6)
  A fire elemental (Orc:2)
  12 spriggans
  8 hippogriffs
  7 basilisks
  4 hungry ghosts
  2 chaos spawn (Orc:2)
  44 wolves
  A hell hound (Orc:2)
  10 water moccasins
  13 porcupines
  24 orc warriors
  7 black bears
  A slave (D:7)
  7 wasps
  10 ice beasts
  2 phantoms
  10 ogres
  9 centaurs
  11 crocodiles
  A gnoll sergeant (D:7)
  A big kobold (D:10)
  13 giant frogs
  4 scorpions
  14 wights
  11 electric eels
  A giant frog zombie (D:5)
  A wasp zombie (D:6)
  5 crimson imps
  6 hounds
  A quasit (D:7)
  2 giant frog skeletons
  23 orc priests
  3 jellies
  21 orc wizards
  4 centaur skeletons
  Natasha (thrice) (D:3)
  5 worker ants
  9 iguanas
  25 sheep
  A hound zombie (D:10)
  3 hound skeletons
  A worker ant zombie (D:7)
  8 adders
  4 gnolls
  56 river rats
  3 shadow imps
  2 white imps (Lair:4)
  3 oozes
  A worm zombie (D:5)
  2 adder skeletons
  3 giant geckos
  68 orcs
  7 ball pythons
  7 giant cockroaches
  10 goblins
  6 hobgoblins
  11 jackals
  2 quokkas
  5 bats
  A giant gecko zombie (D:7)
  6 giant newts
  2 jackal skeletons (D:6)
  6 kobolds
  A quokka skeleton (D:9)
  A quokka zombie (D:5)
  6 rats
  A bush (Lair:7)
  2 fungi
  A plant (Lair:8)
1098 creatures vanquished.

Vanquished Creatures (collateral kills)
  Azrael (Orc:2)
  An orc knight (Orc:2)
  A water nymph (Shoals:2)
  A cyclops (Shoals:4)
  A manticore (Shoals:4)
  A siren (Shoals:4)
  A spiny frog (Lair:8)
  A komodo dragon (Lair:8)
  2 merfolk (Shoals:4)
  2 polar bears (Lair:8)
  A ynoxinul (Orc:2)
  A fire elemental (Orc:2)
  A wolf (Lair:8)
  A hell hound (Orc:2)
  4 orc warriors (Orc:2)
  A centaur (Shoals:4)
  3 orc priests (Orc:2)
  4 sheep (Shoals:4)
  7 orcs (Orc:2)
35 creatures vanquished.

Vanquished Creatures (others)
  A ghost moth (Spider:4)
  2 merfolk aquamancers
  An orb spider (Spider:4)
  A siren (Shoals:4)
  A slave (D:7)
  A quokka (D:7)
  25 fungi
  18 plants
50 creatures vanquished.

Grand Total: 1183 creatures vanquished

Notes
Turn   | Place    | Note
--------------------------------------------------------------
     0 | D:1      | dalore the Minotaur Berserker began the quest for the Orb.
     0 | D:1      | Reached XP level 1. HP: 19/19 MP: 0/0
   289 | D:1      | Reached skill level 4 in Fighting
   289 | D:1      | Reached XP level 2. HP: 21/27 MP: 1/1
   583 | D:1      | Reached skill level 4 in Maces & Flails
   917 | D:2      | Reached XP level 3. HP: 33/33 MP: 2/2
   955 | D:2      | Reached ** piety under Trog
   955 | D:2      | Reached skill level 3 in Armour
  1327 | D:2      | Found a basalt altar of Yredelemnul.
  1480 | D:2      | Found a bloodstained altar of Trog.
  1481 | D:2      | Found a glowing golden altar of the Shining One.
  1605 | D:3      | Reached XP level 4. HP: 40/40 MP: 3/3
  1608 | D:3      | Reached skill level 3 in Dodging
  1618 | D:3      | Reached XP level 5. HP: 47/47 MP: 4/4
  1704 | D:3      | Noticed Natasha
  1710 | D:3      | Killed Natasha
  1824 | D:3      | Noticed Natasha
  1826 | D:3      | Killed Natasha
  1826 | D:3      | Reached skill level 4 in Armour
  2208 | D:3      | Reached skill level 5 in Fighting
  2208 | D:3      | Reached skill level 5 in Maces & Flails
  2257 | D:3      | Noticed Natasha
  2272 | D:3      | Killed Natasha
  2272 | D:3      | Reached XP level 6. HP: 51/56 MP: 5/5
  2463 | D:5      | Entered Level 5 of the Dungeon
  2530 | D:4      | Reached skill level 4 in Dodging
  2673 | D:5      | HP: 11/56 [wight/enchanted halberd (12)]
  2676 | D:5      | Reached skill level 5 in Armour
  2676 | D:5      | Reached XP level 7. HP: 13/62 MP: 6/6
  2890 | D:5      | Reached skill level 6 in Fighting
  2900 | D:5      | Reached skill level 6 in Maces & Flails
  2900 | D:5      | HP: 23/94 [poisoned by a scorpion]
  2910 | D:5      | HP: 15/63 [poisoned by a scorpion]
  3158 | D:5      | Reached skill level 5 in Dodging
  3362 | D:4      | Found a shadowy altar of Dithmenos.
  3721 | D:5      | Reached XP level 8. HP: 71/71 MP: 7/7
  3723 | D:5      | Reached skill level 6 in Armour
  3809 | D:6      | Found a staircase to the Ecumenical Temple.
  3819 | Temple   | Entered the Ecumenical Temple
  4008 | D:5      | Reached skill level 7 in Fighting
  4156 | D:6      | Reached skill level 7 in Maces & Flails
  4157 | D:6      | Noticed Eustachio
  4232 | D:6      | Killed Eustachio
  4232 | D:6      | Reached skill level 6 in Dodging
  4281 | D:6      | Reached *** piety under Trog
  4330 | D:6      | Got a warped robe
  4506 | D:6      | Reached skill level 7 in Armour
  4526 | D:6      | Identified the +1 robe "Jaegrig" {rN++ Int-3 SInv Stlth+} (You found it on level 6 of the Dungeon)
  4695 | D:6      | HP: 15/74 [something/puff of flame (14)]
  5625 | D:6      | Reached skill level 8 in Fighting
  5625 | D:6      | Reached XP level 9. HP: 81/81 MP: 8/8
  5704 | D:7      | Reached skill level 8 in Maces & Flails
  5704 | D:7      | Reached skill level 7 in Dodging
  5913 | D:7      | Noticed Pikel
  5927 | D:7      | Killed Pikel
  5927 | D:7      | Reached skill level 8 in Armour
  6008 | D:7      | Reached skill level 9 in Fighting
  6169 | D:7      | Reached skill level 9 in Maces & Flails
  6172 | D:7      | Reached skill level 8 in Dodging
  6307 | D:7      | Found Iryush's Food Shop.
  6368 | D:8      | Noticed Psyche
  6468 | D:7      | Reached skill level 9 in Armour
  6785 | D:7      | Reached XP level 10. HP: 91/91 MP: 9/9
  7109 | D:8      | Noticed Erolcha
  7115 | D:8      | Killed Erolcha
  7160 | D:8      | Killed Psyche
  7160 | D:8      | Reached skill level 10 in Fighting
  7241 | D:8      | Found a staircase to the Lair.
  7264 | D:8      | Reached skill level 10 in Maces & Flails
  7264 | D:8      | Reached skill level 9 in Dodging
  7316 | D:8      | Noticed Joseph
  7326 | D:8      | Killed Joseph
  7731 | Lair:1   | Entered Level 1 of the Lair of Beasts
  7731 | Lair:1   | Noticed a spiny frog
  7740 | Lair:1   | Killed a spiny frog
  7740 | Lair:1   | Reached skill level 10 in Armour
  7776 | Lair:1   | Got a heavily runed chain mail
  7794 | D:8      | Identified the +5 chain mail of the Flute {rF+} (You found it on level 1 of the Lair of Beasts)
  7908 | Lair:1   | Reached **** piety under Trog
  8147 | Lair:1   | Noticed Gastronok
  8159 | Lair:1   | Killed Gastronok
  8159 | Lair:1   | Reached skill level 11 in Fighting
  8159 | Lair:1   | Reached XP level 11. HP: 93/102 MP: 10/10
  8441 | Lair:1   | Reached skill level 11 in Maces & Flails
  8441 | Lair:1   | Reached skill level 10 in Dodging
  8554 | Lair:1   | Noticed a four-headed hydra
  8560 | Lair:1   | Killed a four-headed hydra
  8701 | Lair:1   | Noticed an eight-headed hydra
  8708 | Lair:1   | Killed an eight-headed hydra
  8880 | Lair:1   | Reached skill level 11 in Armour
  9219 | Lair:2   | Reached skill level 12 in Fighting
  9544 | Lair:2   | Reached ***** piety under Trog
  9866 | Lair:2   | Reached skill level 11 in Dodging
 10106 | Lair:3   | Reached skill level 12 in Maces & Flails
 10106 | Lair:3   | Reached XP level 12. HP: 81/112 MP: 11/11
 10275 | Lair:3   | Received a gift from Trog
 10628 | Lair:3   | Received a gift from Trog
 10726 | Lair:3   | Reached skill level 12 in Armour
 11031 | Lair:3   | Reached skill level 1 in Shields
 11331 | Lair:3   | Reached skill level 2 in Shields
 11793 | Lair:4   | Noticed Josephine
 11802 | Lair:4   | Killed Josephine
 11811 | Lair:4   | Reached skill level 13 in Fighting
 11811 | Lair:4   | Reached skill level 3 in Shields
 11993 | Lair:4   | Noticed Rupert
 12015 | Lair:4   | Killed Rupert
 12015 | Lair:4   | Reached skill level 13 in Maces & Flails
 12015 | Lair:4   | Reached skill level 4 in Shields
 12253 | Lair:4   | Reached skill level 12 in Dodging
 12482 | Lair:4   | Reached XP level 13. HP: 77/122 MP: 4/12
 12485 | Lair:4   | Got a flickering tin ring
 12500 | Lair:4   | Identified the ring "Xyckuenn" {rN+ Str-2 Dex+8} (You found it on level 4 of the Lair of Beasts)
 12525 | Lair:4   | Gained mutation: You evolve. [potion of beneficial mutation]
 13309 | Lair:5   | Found a bloodstained altar of Trog.
 13353 | Lair:5   | Reached skill level 5 in Shields
 13442 | Lair:5   | Reached skill level 13 in Armour
 13540 | Lair:5   | HP: 17/122 [komodo dragon (29)]
 14320 | Lair:6   | Found a hole to the Spider Nest.
 14364 | Lair:6   | Found a staircase to the Shoals.
 14387 | Shoals:1 | Entered Level 1 of the Shoals
 14525 | Lair:6   | Received a gift from Trog
 14667 | Lair:6   | Found a blossoming altar of Fedhas.
 14840 | Lair:6   | Gained mutation: You rapidly evolve. [evolution]
 14963 | Spider:1 | Entered Level 1 of the Spider Nest
 15091 | Lair:6   | Got a transparent mace {venom}
 15092 | Lair:6   | Identified the +2 mace of Change {venom, rElec Dex+2} (You took it off a spriggan on level 6 of the Lair of Beasts)
 15533 | Lair:8   | Entered Level 8 of the Lair of Beasts
 15605 | Lair:7   | Reached skill level 6 in Shields
 15638 | Lair:7   | Reached skill level 14 in Fighting
 15900 | Lair:7   | Reached skill level 14 in Maces & Flails
 16061 | Lair:7   | Gained mutation: You are weak. (Str -2) [evolution]
 16212 | Lair:7   | Reached skill level 13 in Dodging
 16468 | Lair:7   | Reached skill level 7 in Shields
 17280 | Lair:8   | Received a gift from Trog
 17280 | Lair:8   | Reached XP level 14. HP: 130/133 MP: 13/13
 17368 | Lair:8   | Found a staircase to the Slime Pits.
 18148 | Lair:8   | Received a gift from Trog
 18150 | Lair:8   | Reached skill level 8 in Shields
 18488 | Lair:1   | Upgraded the game from 0.18-a0-1311-g779ca93 to 0.18-a0-1312-gf98331d
 19291 | D:10     | Entered Level 10 of the Dungeon
 19461 | D:9      | Found a shattered altar of Ashenzari.
 19567 | D:10     | Found a shimmering altar of Xom.
 19602 | D:9      | Gained mutation: You have sharp toenails. [mutagenic meat]
 19751 | D:9      | Noticed Prince Ribbit
 19762 | D:9      | Killed Prince Ribbit
 20072 | D:10     | Reached skill level 15 in Fighting
 20547 | D:10     | Found a staircase to the Orcish Mines.
 20575 | Orc:1    | Entered Level 1 of the Orcish Mines
 20829 | Orc:1    | Received a gift from Trog
 20926 | Orc:1    | Reached skill level 14 in Dodging
 20937 | Orc:1    | Found a roughly hewn altar of Beogh.
 21059 | Orc:2    | Entered Level 2 of the Orcish Mines
 21175 | Orc:2    | Found a labyrinth entrance.
 21190 | Lab      | Entered a labyrinth
 21479 | Lab      | Got a warped lead amulet
 21495 | Orc:2    | Identified the amulet of Asoqufuo {Inacc Str+3 Dex+4} (You found it in a labyrinth)
 21621 | Lair:1   | Identified a +4 rod of clouds (9/9) (You found it in a labyrinth)
 21692 | D:10     | Received a gift from Trog
 21821 | D:10     | Reached skill level 14 in Armour
 22078 | Orc:2    | Reached skill level 9 in Shields
 22166 | Orc:2    | Found a staircase to the Elven Halls.
 22196 | Orc:2    | Found Vel Sief's Distillery.
 22203 | Orc:2    | Found Virooni's Distillery.
 22267 | Orc:2    | Received a gift from Trog
 22363 | Orc:2    | Bought a potion of flight for 48 gold pieces
 22363 | Orc:2    | Bought a potion of haste for 160 gold pieces
 22363 | Orc:2    | Bought a potion of degeneration for 16 gold pieces
 22365 | Orc:2    | Bought a potion of curing for 36 gold pieces
 22365 | Orc:2    | Bought a potion of invisibility for 96 gold pieces
 22365 | Orc:2    | Bought a potion of lignification for 36 gold pieces
 22365 | Orc:2    | Bought a potion of berserk rage for 60 gold pieces
 22365 | Orc:2    | Bought a potion of beneficial mutation for 420 gold pieces
 22365 | Orc:2    | Gained mutation: You are partially covered in slimy green scales (AC +2). [potion of beneficial mutation]
 22545 | Orc:2    | Noticed Azrael
 22561 | Orc:2    | Killed Azrael
 22826 | Orc:2    | Reached XP level 15. HP: 80/141 MP: 5/14
 23071 | Orc:2    | Reached skill level 15 in Maces & Flails
 23159 | Orc:2    | Found Vaghyoz's Gadget Shop.
 23159 | Orc:2    | Found Plog's Antique Armour Boutique.
 23159 | Orc:2    | Found a one-way gate leading to the halls of Pandemonium.
 23163 | Orc:2    | Bought a glowing cloak for 112 gold pieces
 23163 | Orc:2    | Bought a pair of glowing gloves for 112 gold pieces
 23240 | Orc:2    | Reached skill level 10 in Shields
 23402 | Orc:2    | Noticed Maud
 23416 | Orc:2    | Killed Maud
 23608 | Orc:2    | Gained mutation: Your mind is acute. (Int +2) [evolution]
 24649 | Shoals:1 | Reached skill level 16 in Fighting
 24763 | Shoals:1 | HP: 36/144 [drowned by a drowned soul[a merfolk avatar] (9)]
 24764 | Shoals:1 | Received a gift from Trog
 25631 | Shoals:2 | Gained mutation: Your body sometimes deteriorates upon taking damage. [potion of mutation]
 25631 | Shoals:2 | Lost mutation: You are weak. (Str -2) [potion of mutation]
 25631 | Shoals:2 | Gained mutation: Your spells are a little easier to cast, but a little less powerful. [potion of mutation]
 25660 | Shoals:2 | Reached skill level 1 in Evocations
 25700 | Shoals:2 | Reached skill level 2 in Evocations
 25986 | Shoals:2 | Reached skill level 11 in Shields
 25998 | Shoals:2 | HP: 34/144 [merfolk javelineer/spear (4)]
 26003 | Shoals:2 | HP: 33/144 [poisoned by a merfolk aquamancer]
 26008 | Shoals:2 | HP: 22/144 [poisoned by a merfolk aquamancer]
 26008 | Shoals:2 | HP: 3/144 [merfolk javelineer/javelin of returning (19)]
 26348 | Shoals:2 | Reached skill level 15 in Armour
 26865 | Shoals:2 | Reached skill level 16 in Maces & Flails
 27276 | Shoals:3 | Reached skill level 1 in Throwing
 27298 | Shoals:3 | Reached XP level 16. HP: 152/152 MP: 5/16
 27576 | Shoals:4 | Entered Level 4 of the Shoals
 27729 | Shoals:3 | Reached skill level 3 in Evocations
 27817 | Shoals:3 | Reached skill level 1 in Stealth
 28095 | Shoals:4 | Reached skill level 15 in Dodging
 28163 | Shoals:4 | Received a gift from Trog
 28364 | Shoals:4 | Reached skill level 17 in Fighting
 28375 | Shoals:4 | Reached skill level 2 in Stealth
 28452 | Shoals:4 | Reached skill level 12 in Shields
 28605 | Shoals:4 | Noticed Ilsuiw
 28710 | Shoals:4 | Killed Ilsuiw
 28998 | Shoals:4 | Identified the Papyrus of Conjuration (You found it on level 4 of the Shoals)
 29094 | Shoals:4 | Reached skill level 3 in Stealth
 29874 | Shoals:4 | Got a barnacled rune of Zot
 29897 | Shoals:4 | Got a translucent blowgun
 29898 | Shoals:4 | Identified the +5 blowgun of Generosity {evade, Dex+5} (You took it off a merfolk on level 4 of the Shoals)
 30555 | Spider:1 | Received a gift from Trog
 30732 | Spider:1 | Reached skill level 13 in Shields
 30749 | Spider:1 | Gained mutation: You are agile. (Dex +2) [evolution]
 30995 | Spider:1 | Reached XP level 17. HP: 163/163 MP: 6/18
 31080 | Spider:1 | Got a bronze ring mail
 31081 | Spider:1 | Identified the +0 ring mail of Iveant {rPois} (You found it on level 1 of the Spider Nest)
 31306 | Spider:2 | Received a gift from Trog
 32139 | Spider:2 | Received a gift from Trog
 32139 | Spider:2 | Reached skill level 18 in Fighting
 32634 | Spider:2 | Reached skill level 16 in Dodging
 32907 | Spider:3 | Received a gift from Trog
 32982 | Spider:4 | Entered Level 4 of the Spider Nest
 33006 | Spider:3 | Noticed Roxanne
 33036 | Spider:3 | Killed Roxanne
 33111 | Spider:3 | Noticed Arachne
 33129 | Spider:3 | Killed Arachne
 33129 | Spider:3 | Reached skill level 14 in Shields
 33874 | Spider:4 | Received a gift from Trog
 33905 | Spider:4 | HP: 27/166 [disintegration (32)]
 33938 | Spider:4 | Reached skill level 16 in Armour
 35358 | Spider:4 | Received a gift from Trog
 35413 | Spider:4 | HP: 30/166 [wolf spider (13)]
 35666 | Spider:4 | Gained mutation: You are weak. (Str -2) [evolution]
 35888 | Spider:4 | Reached skill level 19 in Fighting
 35904 | Spider:4 | HP: 46/252 [emperor scorpion (18)]
 35908 | Spider:4 | Slain by an emperor scorpion

Vault maps used:
D:1:      saegor_arrival_miasma
D:2:      nicolae_overflow_hidden_temple, minmay_gold_behind_fungi
D:3:      first_bread, uniq_natasha
D:4:      grunt_dithmenos_smoke_and_mirrors
D:5:      enter_ossuary_3
D:6:      minmay_temple_entry_crystal_x, uniq_eustachio
D:7:      serial_shops, shop, uniq_pikel
D:8:      minmay_lair_entry_lava, uniq_erolcha, uniq_joseph, uniq_psyche
D:9:      evilmike_ruin_ashenzari, uniq_prince_ribbit1
D:10:     erik_orc_2, basic_altar
D:11:     enter_trove_6
Temple:   minmay_temple_curvy_14
Lair:1:   uniq_gastronok
Lair:2:   minivault_23, grunt_megastairs_1, lemuel_fruit_tree
Lair:3:   forest_paths, st_stairs_6
Lair:4:   ice2_lemuel, uniq_rupert, uniq_josephine
Lair:5:   basic_altar, grunt_forest_stairs_clearing
Lair:6:   elwin_shoals_entry_rooms, spider_nest_entry_web_field, basic_altar,
          serial_bayou_pond_a, grunt_forest_stairs_basic,
          nicolae_quartered_pool_medium, wad_woods_02
Lair:7:   infiniplex_staircase_pool_2, grunt_megastairs_3
Lair:8:   minmay_lair_end_enchanted_forest, dpeg_slime_entry_corner,
          nicolae_lair_yak_garden, grunt_megastairs_4
Shoals:1: nicolae_shoals_loop_pool
Shoals:2: nicolae_shoals_aquamancer_cove
Shoals:4: shoals_end_simple, shoal_ilsuiw
Spider:2: nicolae_spider_cling_halls
Spider:3: uniq_arachne, uniq_roxanne
Spider:4: spider_rune_water
Orc:1:    basic_altar
Orc:2:    pf_orc_diabolical, lab_entry_generic, uniq_maud, uniq_azrael
Lab:      labyrinth_skeletal_remains, nicolae_lab_statue,
          nicolae_lab_very_dead_end, labyrinth_glass_1, nicolae_lab_grate,
          labyrinth_lava_lair, nicolae_lab_dead_end, nicolae_lab_plus,
          lab_statue, nicolae_lab_blocks

Action                   |  1- 3 |  4- 6 |  7- 9 | 10-12 | 13-15 | 16-18 || total
-------------------------+-------+-------+-------+-------+-------+-------++-------
Melee: Mace              |    70 |   121 |    70 |       |  1085 |    58 ||  1404
       Flail             |       |       |   275 |    11 |       |       ||   286
       Morningstar       |       |       |       |   521 |       |       ||   521
       Dire flail        |       |       |       |    57 |   162 |       ||   219
       Great mace        |       |       |       |       |    33 |       ||    33
       Eveningstar       |       |       |       |       |   336 |   976 ||  1312
Throw: Javelin           |       |       |       |    24 |    12 |   448 ||   484
       Tomahawk          |       |       |       |       |     3 |       ||     3
Invok: Berserk           |     4 |     2 |    11 |    20 |    36 |     8 ||    81
       Trog's Hand       |     1 |     5 |    12 |    11 |    31 |    22 ||    82
       Burn Spellbooks   |       |       |     1 |     1 |     5 |     3 ||    10
       Brothers in Arms  |       |       |       |       |     4 |     3 ||     7
 Abil: Evoke Flight      |       |       |       |     1 |    29 |    28 ||    58
  Use: Scroll            |       |     3 |     6 |     9 |    13 |    13 ||    44
       Potion            |       |     2 |     2 |     2 |     8 |     3 ||    17
 Stab: Invisible         |       |       |       |       |       |    13 ||    13
       Distracted        |       |       |       |       |       |     1 ||     1
  Eat: Chunk             |     5 |     7 |    62 |    39 |    85 |    29 ||   227
       Pizza             |       |       |       |     1 |       |       ||     1
       Beef jerky        |       |       |       |       |     3 |     1 ||     4
       Bread ration      |       |       |       |       |     3 |       ||     3
       Royal jelly       |       |       |       |       |     1 |     1 ||     2
       Fruit             |       |       |       |       |       |     8 ||     8
       Meat ration       |       |       |       |       |       |     1 ||     1

Vault maps used:
D:1:      saegor_arrival_miasma
D:2:      nicolae_overflow_hidden_temple, minmay_gold_behind_fungi
D:3:      first_bread, uniq_natasha
D:4:      grunt_dithmenos_smoke_and_mirrors
D:5:      enter_ossuary_3
D:6:      minmay_temple_entry_crystal_x, uniq_eustachio
D:7:      serial_shops, shop, uniq_pikel
D:8:      minmay_lair_entry_lava, uniq_erolcha, uniq_joseph, uniq_psyche
D:9:      evilmike_ruin_ashenzari, uniq_prince_ribbit1
D:10:     erik_orc_2, basic_altar
D:11:     enter_trove_6
Temple:   minmay_temple_curvy_14
Lair:1:   uniq_gastronok
Lair:2:   minivault_23, grunt_megastairs_1, lemuel_fruit_tree
Lair:3:   forest_paths, st_stairs_6
Lair:4:   ice2_lemuel, uniq_rupert, uniq_josephine
Lair:5:   basic_altar, grunt_forest_stairs_clearing
Lair:6:   elwin_shoals_entry_rooms, spider_nest_entry_web_field, basic_altar,
          serial_bayou_pond_a, grunt_forest_stairs_basic,
          nicolae_quartered_pool_medium, wad_woods_02
Lair:7:   infiniplex_staircase_pool_2, grunt_megastairs_3
Lair:8:   minmay_lair_end_enchanted_forest, dpeg_slime_entry_corner,
          nicolae_lair_yak_garden, grunt_megastairs_4
Shoals:1: nicolae_shoals_loop_pool
Shoals:2: nicolae_shoals_aquamancer_cove
Shoals:4: shoals_end_simple, shoal_ilsuiw
Spider:2: nicolae_spider_cling_halls
Spider:3: uniq_arachne, uniq_roxanne
Spider:4: spider_rune_water
Orc:1:    basic_altar
Orc:2:    pf_orc_diabolical, lab_entry_generic, uniq_maud, uniq_azrael
Lab:      labyrinth_skeletal_remains, nicolae_lab_statue,
          nicolae_lab_very_dead_end, labyrinth_glass_1, nicolae_lab_grate,
          labyrinth_lava_lair, nicolae_lab_dead_end, nicolae_lab_plus,
          lab_statue, nicolae_lab_blocks

Table legend:
 A = Turns spent in this place as a percentage of turns spent in the entire game.
 B = Non-inter-level travel turns spent in this place as a percentage of non-inter-level travel turns spent in the entire game.
 C = Inter-level travel turns spent in this place as a percentage of turns spent in this place.
 D = Turns resting spent in this place as a percentage of non-inter-level travel turns spent in this place.
 E = Turns spent auto-exploring this place as a percentage of non-inter-level travel turns spent in this place.
 F = Non-inter-level travel turns spent in this place divided by the number of levels of this place that you've seen.
                   A       B       C       D       E      F
               +-------+-------+-------+-------+-------+----------------------
         Total | 100.0 | 100.0 |   1.6 |   5.9 |   6.6 | 376.6
       Dungeon |  24.0 |  23.8 |   2.3 |   5.8 |   8.6 | 253.0
        Temple |   0.5 |   0.5 |   1.5 |   0.0 |  23.4 |  64.0
          Lair |  29.8 |  29.7 |   2.0 |   6.6 |   6.3 | 433.4
        Shoals |  18.4 |  18.5 |   1.1 |   7.6 |   5.1 | 539.8
   Spider Nest |  16.7 |  16.7 |   1.3 |   3.6 |   6.8 | 488.8
  Orcish Mines |   7.9 |   8.0 |   0.9 |   6.9 |   5.5 | 466.5
     Labyrinth |   2.6 |   2.7 |   0.0 |   0.0 |   0.0 | 314.0
               +-------+-------+-------+-------+-------+----------------------

Table legend:
 A = Kills in this place as a percentage of kills in entire the game.
 B = Kills by you in this place as a percentage of kills by you in the entire game.
 C = Kills by friends in this place as a percentage of kills by friends in the entire game.
 D = Other kills in this place as a percentage of other kills in the entire game.
 E = Experience gained in this place as a percentage of experience gained in the entire game.
 F = Experience gained in this place divided by the number of levels of this place that you have seen.
                   A       B       C       D       E      F
               +-------+-------+-------+-------+-------+----------------------
         Total | 100.0 | 100.0 | 100.0 | 100.0 | 100.0 | 9313.2
       Dungeon |  24.6 |  25.5 |   0.0 |   0.0 |   5.1 | 1342.5
          Lair |  30.2 |  30.8 |  14.3 |   0.0 |  25.6 | 9242.4
        Shoals |  15.8 |  15.1 |  31.4 |  60.0 |  31.2 | 22536.0
   Spider Nest |  19.2 |  19.7 |   0.0 |  40.0 |  29.4 | 21196.8
  Orcish Mines |  10.0 |   8.6 |  54.3 |   0.0 |   8.2 | 11781.5
     Labyrinth |   0.3 |   0.3 |   0.0 |   0.0 |   0.5 | 1509.0
               +-------+-------+-------+-------+-------+----------------------
